 Dungeon Crawl Stone Soup version 0.24-a0-484-g962a3eeff7 (webtiles) character file.

Game seed: 16435355317866946763

21 Mrkan the Skirmisher (level 2, -4/27 HPs)
             Began as a Hill Orc Abyssal Knight on July 9, 2019.
             Was a Follower of Lugonu.
             Slain by Natasha (5 damage)
             ... on level 2 of the Dungeon.
             The game lasted 00:01:47 (2048 turns).

Mrkan the Skirmisher (Hill Orc Abyssal Knight)      Turns: 2048, Time: 00:01:47

Health: -4/27      AC:  3    Str: 14    XL:     2   Next: 87%
Magic:  4/4        EV: 11    Int: 12    God:    Lugonu [*.....]
Gold:   44         SH:  0    Dex: 10    Spells: 1/1 levels left

rFire    . . .     SeeInvis .   a - +1 hand axe
rCold    . . .     Gourm    .   (no shield)
rNeg     . . .     Faith    .   b - +0 leather armour
rPois    .         Spirit   .   (no helmet)
rElec    .         Reflect  .   (no cloak)
rCorr    .         Harm     .   (no gloves)
MR       .....                  (no boots)
Stlth    +.........             (no amulet)
HPRegen  0.09/turn              (no ring)
MPRegen  0.09/turn              (no ring)

@: no status effects
A: no striking features
a: Depart the Abyss, Renounce Religion


You were on level 2 of the Dungeon.
You worshipped Lugonu.
Lugonu was aware of your devotion.
You were not hungry.

You visited 1 branch of the dungeon, and saw 2 of its levels.
You visited the Abyss 1 time.

You collected 44 gold pieces.

Inventory:

Hand Weapons
 a - a +1 hand axe (weapon)
Armour
 b - a +0 leather armour (worn)
Scrolls
 d - 2 scrolls of identify {unknown}
 h - 2 scrolls of teleportation {unknown}
Potions
 e - a potion of mutation {unknown}
 g - 2 potions of degeneration {unknown}
 i - a potion of heal wounds {unknown}
Comestibles
 c - a ration
 f - 3 chunks of flesh


   Skills:
 + Level 3.9 Fighting
 * Level 3.6 Axes
 - Level 2.1 Armour
 - Level 0.7 Dodging
 + Level 3.0 Invocations


You had one spell level left.
You didn't know any spells.
Your spell library was empty.

Dungeon Overview and Level Annotations

Branches:
Dungeon (1/15)

Altars:

Annotations:
D:2 Jessica, Natasha


Message History

* * * LOW HITPOINT WARNING * * *
You closely miss Natasha.
Natasha is severely wounded.
Natasha barely misses you.
You hit Natasha.
Natasha is almost dead.
Natasha closely misses you.
You hit Natasha but do no damage.
Natasha is almost dead.
Natasha claws you.
* * * LOW HITPOINT WARNING * * *
You hit Natasha.
Natasha is almost dead.
Natasha extends her claws.
Natasha closely misses you.
Okay, then.
You closely miss Natasha.
Natasha is almost dead.
Natasha claws you.
You die...

###
###.########
#..........#
#.#.....#.##
#.#.###.#.#
#@#.# #.#.#
#h#.# #.#.#
#.#.# #.#.#
#@#.# #.#.#
#.#.# #.#.#
#.#.# #.#.#
#.#.. #.#
#.# #.# #$#


You could see Natasha and Jessica.

Vanquished Creatures
  4 bats (D:1)
  2 giant cockroaches (D:1)
  2 goblins (D:1)
  A hobgoblin (D:1)
  3 jackals (D:1)
  2 kobolds (D:1)
  3 frilled lizards (D:1)
  2 rats (D:1)
19 creatures vanquished.

Notes
Turn   | Place    | Note
-------+----------+-------------------------------------------
     0 | Abyss:1  | Mrkan the Hill Orc Abyssal Knight began the quest for the
                  | Orb.
     0 | Abyss:1  | Reached XP level 1. HP: 19/19 MP: 2/2
    66 | Abyss:1  | Noticed a smoke demon
    73 | D:1      | Escaped the Abyss
  1424 | D:1      | Reached XP level 2. HP: 27/27 MP: 4/4
  1558 | D:1      | Reached * piety under Lugonu
  2021 | D:1      | You fall into a shaft and drop 1 floor!
  2033 | D:2      | Noticed Jessica
  2034 | D:2      | Noticed Natasha
  2046 | D:2      | HP: 1/27 [Natasha (3)]
  2048 | D:2      | Slain by Natasha

Levels and vault maps discovered:
D:1:      evilmike_arrival_crescent, layout_rooms, serial_co_window_serial,
          co_window_corner_a, co_window_paths_a, co_window_corner_a,
          co_window_paths_a, co_window_corner_a, co_window_2corner,
          co_window_corner_b, co_window_of_opportunity_b, co_window_paths_c,
          co_window_4corner_a, glass_columns_a
D:2:      layout_basic, uniq_jessica, uniq_natasha

Skill      XL: |  1  2 |
---------------+-------+-----
Axes           | 3 |  3.6
Invocations    | 3 |  3.0
Fighting       | |  3.9
Armour         | |  2.1
Dodging        | |  0.7

Action                   || total
-------------------------++-------
Melee: Hand axe          ||    69
Invok: Depart the Abyss  ||     1
  Eat: Chunk             ||     3
Armor: Leather armour    ||    26
Dodge: Dodged            ||    64

Table legend:
 A = Non-vault XP
 B = Vault XP
 C = Vault XP percentage of total XP
 D = Non-vault monster count
 E = Vault monster count
 F = Vault count percentage of total count
                 A         B        C        D         E       F
            +---------+---------+-------+---------+---------+-------
      Total |      31 |       0 |   0.0 |      19 |       0 |   0.0
            +---------+---------+-------+---------+---------+-------
        D:1 |      31 |       0 |   0.0 |      19 |       0 |   0.0
            +---------+---------+-------+---------+---------+-------
